 Dungeon Crawl Stone Soup version 0.31-a0-702-gf82c85558f (webtiles) character file.

Game seed: 16260570555748792887

86 qw the Shooter (level 4, -6/28 HPs)
             Began as a Gargoyle Hunter on Sept 7, 2023.
             Blown up by Ijyb (12 damage)
             ... with a mindburst bolt
             ... on level 2 of the Dungeon.
             The game lasted 00:00:42 (1603 turns).

qw the Shooter (Gargoyle Hunter)                    Turns: 1603, Time: 00:00:42

Health: -6/28      AC:  6    Str: 14    XL:     4   Next: 50%
Magic:  4/4        EV: 11    Int: 10    God:
Gold:   36         SH:  0    Dex: 15    Spells: 3/3 levels left

rFire   . . .        Y - +0 shortbow
rCold   . . .        (shield currently unavailable)
rNeg    + . .        c - +0 leather armour
rPois   inf          (no helmet)
rElec   +            (no cloak)
rCorr   .            (no gloves)
SInv    .            (no boots)
Will    .....        (no amulet)
Stlth   ++           (no ring)
HPRegen 0.24/turn    (no ring)
MPRegen 0.09/turn

%: no passive effects
@: no status effects
A: sickness immunity, AC +3, negative energy resistance 1, electricity
resistance, torment resistance 1, petrification resistance
a: no special abilities


You were on level 2 of the Dungeon.
You visited 1 branch of the dungeon, and saw 3 of its levels.

You collected 128 gold pieces.
You spent 92 gold pieces at shops.


Innate Abilities, Weirdness & Mutations

You are immune to sickness and miasma.
Your stone body is resilient. (AC +3)
You are immune to poison.
You resist negative energy. (rN+)
You are resistant to electric shocks. (rElec)
You are resistant to unholy torment.
You are immune to petrification.


   Skills:
 - Level 3.2 Fighting
 + Level 5.3 Ranged Weapons
 - Level 1.5 Dodging
 - Level 1.1 Stealth


You had 3 spell levels left.
You didn't know any spells.
Your spell library was empty.

Inventory:

Hand Weapons
 Y - a +0 shortbow (weapon)
Armour
 c - a +0 leather armour (worn)
Jewellery
 a - a ring of ice
Scrolls
 e - a scroll of identify
Potions
 b - a potion of heal wounds {unknown}
 g - a potion of ambrosia {unknown}
 h - a potion of resistance {unknown}
 j - a potion of magic {unknown}
 k - a potion of curing {unknown}

Dungeon Overview and Level Annotations

Branches:
Dungeon (3/15)

Altars:

Shops:
D:2 *

Annotations:
D:2 Ijyb
D:3 Jessica


Message History

The gnoll hits you with a +0 flail! The gnoll barely misses you.
You shoot an arrow. The arrow hits the gnoll.
You kill the gnoll!
You start resting.
HP restored.
Partly explored, can't reach some places.
What level of the Dungeon? (default 3, ? - help)
You climb downwards.
Level annotation: Ijyb, Jessica The bat barely misses you.
There is a stone staircase leading up here.
There are monsters nearby!
1595 ||| STAIRDANCE The bat closely misses you.
The bat hits you but does no damage.
Ijyb zaps a wand.
Your mind is blasted!
You climb upwards.
There is a stone staircase leading down here.
You shoot an arrow. The arrow closely misses Ijyb.
The bat hits you but does no damage. Ijyb hits you with a +0 club.
You shoot an arrow. The arrow hits Ijyb.
Ijyb is moderately wounded.
The bat closely misses you.
Ijyb zaps a wand.
You barely resist. You shoot an arrow. The arrow hits Ijyb.
Ijyb is heavily wounded.
The bat hits you but does no damage. Ijyb hits you with a +0 club.
You shoot an arrow. The arrow hits Ijyb but does no damage.
Ijyb is heavily wounded.
The bat hits you but does no damage. Ijyb barely misses you.
Ijyb hits you with a +0 club.
You shoot an arrow. The arrow hits Ijyb.
Ijyb is severely wounded.
The bat hits you but does no damage. The bat closely misses you.
Ijyb barely misses you.
You shoot an arrow. The arrow closely misses Ijyb.
The bat hits you but does no damage. Ijyb hits you with a +0 club.
You shoot an arrow. The arrow hits Ijyb.
Ijyb is almost dead.
The bat closely misses you. The bat hits you.
Ijyb zaps a wand.
Your mind is blasted!
You die...

######## ######## ##<.....##
#......# ##........#####......#
#.....:....#.........# #
#.....g@.../..#......## ######
#.%...).b..##.#.......## ...\.#
#..........##.#......#..
####.#####..........##..####.##..
# #................###.## ##P...
######...##..............####....
...# ##..................#..#....
.#>###...................#.#.P.)P
........##.%...............#...P.


You could see Ijyb and a bat.

Vanquished Creatures
  2 adders (D:2)
  2 gnolls
  2 dart slugs
  An orc (D:2)
  4 ball pythons
  5 endoplasms
  A giant cockroach (D:1)
  6 goblins
  3 hobgoblins (D:2)
  4 jackals (D:1)
  6 bats
  A frilled lizard (D:1)
  4 kobolds
  4 rats
45 creatures vanquished.

Notes
Turn   | Place    | Note
-------+----------+-------------------------------------------
     0 | D:1      | qw the Gargoyle Hunter began the quest for the Orb.
     0 | D:1      | Reached XP level 1. HP: 12/12 MP: 1/1
     0 | D:1      | 0 ||| qw: Version: 0.3-a-76-g4403597
     0 | D:1      | 0 ||| qw: Game counter: 829
     0 | D:1      | 0 ||| qw: Melee chars always use a shield: true
     0 | D:1      | 0 ||| qw: God list: Okawaru
     0 | D:1      | 0 ||| qw: Allow faded altars: false
     0 | D:1      | 0 ||| qw: Do Orc after clearing Dungeon:15 true
     0 | D:1      | 0 ||| qw: Do second Lair branch before Depths: true
     0 | D:1      | 0 ||| qw: Lair rune preference: random
     0 | D:1      | 0 ||| qw: Goals: Normal
     0 | D:1      | 0 ||| PLANNING D:1-11
   301 | D:1      | Reached XP level 2. HP: 17/17 MP: 2/2
   457 | D:1      | Reached XP level 3. HP: 21/21 MP: 3/3
   583 | D:1      | Reached skill level 5 in Ranged Weapons
   982 | D:1      | 982 ||| READING scroll labelled PIKUSK ELAXUEGAPT.
   983 | D:1      | 983 ||| READING scroll labelled AMMETIOSEE.
   984 | D:1      | 984 ||| READING 2 scrolls labelled FOLUOM MUIGOZU.
   985 | D:1      | 985 ||| DROPPING scroll of butterflies.
   986 | D:1      | 986 ||| DROPPING scroll of noise.
  1116 | D:2      | Found Hodypnie's Assorted Antiques.
  1134 | D:2      | 1134 ||| SHOPLISTING cabochon ring (115 gold, have 113).
  1134 | D:2      | 1134 ||| BUYING glowing copper wand (92 gold).
  1134 | D:2      | Bought a glowing copper wand for 92 gold pieces
  1134 | D:2      | 1134 ||| SHOPLISTING marble ring (115 gold, have 21).
  1134 | D:2      | 1134 ||| SHOPLISTING scroll labelled CONULA FAEDDATWID (23
                  | gold, have 21).
  1134 | D:2      | 1134 ||| SHOPLISTING scroll labelled NUPRU YDER (23 gold,
                  | have 21).
  1134 | D:2      | 1134 ||| SHOPLISTING scroll labelled VICLEHI RAMU (23 gold,
                  | have 21).
  1299 | D:2      | Reached skill level 3 in Fighting
  1299 | D:2      | Reached XP level 4. HP: 28/28 MP: 4/4
  1336 | D:2      | Found a faded altar of an unknown god.
  1349 | D:2      | 1349 ||| READING scroll labelled DODYBE UMOUXT.
  1508 | D:2      | 1508 ||| READING scroll labelled FEC GYRUYLO.
  1511 | D:2      | 1511 ||| READING scroll labelled GOUPSOIRPHOE.
  1512 | D:2      | 1512 ||| DROPPING wand of paralysis (6).
  1518 | D:3      | Noticed Ijyb
  1520 | D:3      | 1520 ||| STAIRDANCE
  1540 | D:3      | 1540 ||| STAIRDANCE
  1540 | D:3      | Noticed Jessica
  1595 | D:3      | 1595 ||| STAIRDANCE
  1602 | D:2      | HP: 6/28 [Ijyb/+0 club (3)]
  1603 | D:2      | Blown up by Ijyb

Levels and vault maps discovered:
D:1:      dpeg_arrival_arbitrary_a, layout_basic
D:2:      layout_rooms, shapermc_ecumenical_altar_gd, serial_curves,
          eino_curves_01, eino_curves_01, serial_shops, shop
D:3:      lemuel_castle_with_subvaults [lemuel_castle_interior_original],
          layout_basic, uniq_jessica, uniq_natasha, uniq_ijyb

Skill      XL: |  1  2  3 |
---------------+----------+-----
Ranged Weapons | 5 |  5.3
Fighting       | 3 |  3.2
Dodging        | |  1.5
Stealth        | |  1.1

Action                     |  1- 3 |  4- 6 || total
---------------------------+-------+-------++-------
   Fire: Shortbow          |   116 |    32 ||   148
    Use: Scroll            |     3 |     3 ||     6
 Armour: Leather armour    |    22 |    21 ||    43
  Dodge: Dodged            |    24 |    25 ||    49

Table legend:
 A = Non-vault XP
 B = Vault XP
 C = Vault XP percentage of total XP
 D = Non-vault monster count
 E = Vault monster count
 F = Vault count percentage of total count
                 A         B        C        D         E       F
            +---------+---------+-------+---------+---------+-------
      Total |     124 |       0 |   0.0 |      45 |       0 |   0.0
            +---------+---------+-------+---------+---------+-------
        D:1 |      46 |       0 |   0.0 |      20 |       0 |   0.0
        D:2 |      77 |       0 |   0.0 |      24 |       0 |   0.0
        D:3 |       1 |       0 |   0.0 |       1 |       0 |   0.0
            +---------+---------+-------+---------+---------+-------
